 Dungeon Crawl Stone Soup version 0.20-a0-927-g1ae2c61 (webtiles) character file.

2939 getnixed the Protected (level 9, 0/68 HPs)
             Began as a Barachi Fighter on Mar 28, 2017.
             Was an Initiate of Ru.
             Slain by an orc warrior
             ... wielding a +0 war axe
              (10 damage)
             ... on level 6 of the Dungeon.
             The game lasted 00:21:51 (7160 turns).

getnixed the Protected (Barachi Fighter)            Turns: 7160, Time: 00:21:52

Health: 0/68       AC:  7    Str: 17 (19) XL:     9   Next: 80%
Magic:  9/9        EV: 14    Int:  8 (9)  God:    Ru [......]
Gold:   421        SH: 13    Dex: 12 (15) Spells: 8/8 levels left

rFire    + . .     SeeInvis .   a - +0 long sword
rCold    . . .     Gourm    .   c - +0 shield
rNeg     . . .     Faith    .   o - +3 leather armour
rPois    .         Spirit   .   (no helmet)
rElec    .         Reflect  +   (no cloak)
rCorr    .         Harm     .   (no gloves)
MR       .....                  (no boots)
Stlth    +.........             m - +3 amulet of reflection
Regen    0.3/turn               e - +2 ring of evasion
MPRegen  0.2/turn               (no ring)

@: very slightly contaminated, invisible, slow
A: +LOS, swims, hooves 1, fire resistance 1, frail 1, slowness 1, strong 1,
strong legs 1
a: Hop, Renounce Religion


You were on level 6 of the Dungeon.
You worshipped Ru.
Ru was noncommittal.
You were not hungry.

You visited 2 branches of the dungeon, and saw 7 of its levels.
You also visited: Sewer.

You collected 421 gold pieces.

Inventory:

Hand Weapons
 a - a +0 long sword (weapon)
Armour
 c - a +0 shield (worn)
 o - a +3 leather armour (worn)
Jewellery
 e - a +2 ring of evasion (left hand)
 m - a +3 amulet of reflection (around neck)
Scrolls
 b - a scroll of immolation {unknown}
 j - 4 scrolls of recharging
 n - a scroll of blinking {unknown}
 p - 5 scrolls of teleportation
 q - a scroll of amnesia {unknown}
Potions
 d - a potion of might
 k - a potion of brilliance
 l - a potion of cancellation
 r - a potion of resistance
 s - a potion of agility
Comestibles
 f - 4 bread rations
 g - 4 royal jellies
 h - 4 meat rations
 i - a fruit


   Skills:
 * Level 9.0 Fighting
 * Level 8.2 Long Blades
 * Level 9.0 Armour
 + Level 4.5 Dodging
 + Level 5.9 Shields


You had 8 spell levels left.
You didn't know any spells.

Dungeon Overview and Level Annotations

Branches:
Dungeon (6/15)             Temple (1/1) D:6

Altars:
Ashenzari
Cheibriados
Dithmenos
Fedhas
Gozag
Hepliaklqana
Makhleb
Nemelex Xobeh
Qazlal
Ru
Sif Muna
Uskayaw
Vehumet
Xom
Yredelemnul
Zin
The Shining One


Innate Abilities, Weirdness & Mutations

Shadows flee at your approach. (+LOS)
You can swim through water.
You cover ground slowly.
You can hop short distances.
You have large cloven feet.
Your flesh is heat resistant. (rF+)
You are frail. (-10% HP)
Your muscles are strong. (Str +2)


Message History

The orc warrior is severely wounded.
You block the orc warrior's attack.
You hit the orc warrior. Your kick misses the orc warrior.
The orc warrior is severely wounded.
You block the orc warrior's attack.
You hit the orc warrior but do no damage.
You kick the orc warrior, but do no damage.
The orc warrior is severely wounded.
The orc warrior closely misses you.
You strike the helpless orc warrior from behind!
You hit the orc warrior but do no damage.
The orc warrior is severely wounded.
The orc warrior barely misses you.
You riposte.
You hit the orc warrior but do no damage.
The orc warrior is severely wounded.
You hit the orc warrior but do no damage.
The orc warrior is severely wounded.
The orc warrior barely misses you.
The orc warrior hits you with a war axe!
You die...

#.............. ##..#
#...).#####........####...##
#...).# ..............#
#.....# ...###.####..##
#(....# ..#≈###≈≈##'.# #.....#
..#≈'≈≈≈≈≈†#.## #.....#
##.#.'≈≈≈≈≈≈#...
#.....#########..#≈###≈≈##'...
#............@...###.####.....
###.##.##.##o##..[............
#.#.........#.#######.......
#.............# #######.
#.#..⌠...⌠..#.# ###....
#.#...)[[...#.# #.)....
#.....)>......# ###.#....
#.#.........#.# #<..#....
#.#..⌠...⌠..#.# ######...


You could see an orc warrior.

Vanquished Creatures
  Pikel (D:5)
  Grinder (D:5)
  An orc warrior (D:6)
  A phantom (D:4)
  2 ice beasts
  A sky beast (D:5)
  2 ogres (D:4)
  A centaur (D:6)
  A crocodile (Sewer)
  The ghost of Doomer the Caller, an amateur MiSu (D:3)
  5 big kobolds
  A bullfrog (D:6)
  A scorpion (D:4)
  A howler monkey (D:4)
  A crimson imp (D:6)
  6 orc wizards
  4 orc priests
  2 hounds (D:5)
  An iguana (D:5)
  2 worker ants
  A killer bee zombie (D:6)
  2 gnolls (D:3)
  9 adders
  2 river rats (D:6)
  2 oozes
  8 worms
  A dart slug (D:2)
  6 leopard geckos
  22 orcs
  4 bats
  8 giant cockroaches
  30 goblins
  34 hobgoblins
  5 jackals
  2 quokkas
  A ball python (D:2)
  3 frilled lizards
  14 kobolds
  A leopard gecko skeleton (D:5)
  8 rats
199 creatures vanquished.

Vanquished Creatures (others)
  A slave (D:5)
  A centaur (D:6)
  A gnoll (D:3)
  An adder (D:5)
  2 orcs (D:6)
  4 goblins (D:3)
10 creatures vanquished.

Grand Total: 209 creatures vanquished

Notes
Turn   | Place    | Note
-------+----------+-------------------------------------------
     0 | D:1      | getnixed the Barachi Fighter began the quest for the Orb.
     0 | D:1      | Reached XP level 1. HP: 18/18 MP: 1/1
   105 | D:1      | Reached XP level 2. HP: 21/25 MP: 2/2
   416 | D:1      | Reached XP level 3. HP: 7/30 MP: 3/3
  1037 | D:2      | Reached XP level 4. HP: 24/37 MP: 4/4
  1608 | D:3      | Reached skill level 5 in Armour
  1669 | D:3      | Reached XP level 5. HP: 34/42 MP: 5/5
  1705 | D:3      | Noticed Doomer's ghost (amateur MiSu)
  1748 | D:3      | Killed Doomer's ghost
  1748 | D:3      | Reached skill level 1 in Dodging
  2101 | D:3      | Reached XP level 6. HP: 49/49 MP: 6/6
  2366 | D:3      | Reached skill level 5 in Fighting
  3321 | D:3      | Reached XP level 7. HP: 11/56 MP: 7/7
  3426 | D:3      | Reached skill level 5 in Long Blades
  4449 | D:4      | Reached XP level 8. HP: 7/64 MP: 8/8
  5110 | D:4      | Reached skill level 5 in Shields
  5117 | D:5      | Entered Level 5 of the Dungeon
  5132 | D:5      | Noticed Pikel
  5147 | D:5      | Killed Pikel
  5246 | D:5      | Reached XP level 9. HP: 22/72 MP: 9/9
  5258 | D:5      | HP: 3/72 [orc priest/hand axe (3)]
  5691 | D:5      | Noticed Grinder
  5714 | D:5      | Paralysed by Grinder for 2 turns
  5718 | D:5      | Killed Grinder
  6100 | D:5      | Gained mutation: You evolve. [potion of mutation]
  6100 | D:5      | Gained mutation: Your spells are a little easier to cast, but a little less powerful. [potion of mutation]
  6100 | D:5      | Gained mutation: Armour fits poorly on your strangely shaped body. [potion of mutation]
  6100 | D:5      | Gained mutation: You can translocate small distances at will. [potion of mutation]
  6101 | D:5      | Lost mutation: You can translocate small distances at will. [potion of mutation]
  6101 | D:5      | Lost mutation: Your spells are a little easier to cast, but a little less powerful. [potion of mutation]
  6101 | D:5      | Lost mutation: Armour fits poorly on your strangely shaped body. [potion of mutation]
  6101 | D:5      | Lost mutation: You evolve. [potion of mutation]
  6101 | D:5      | Gained mutation: You have large cloven feet. [potion of mutation]
  6101 | D:5      | Gained mutation: You are frail. (-10% HP) [potion of mutation]
  6101 | D:5      | Gained mutation: Your flesh is heat resistant. (rF+) [potion of mutation]
  6101 | D:5      | Gained mutation: Your muscles are strong. (Str +2) [potion of mutation]
  6266 | D:6      | Found a deep blue altar of Sif Muna.
  6273 | D:6      | Found a shadowy altar of Dithmenos.
  6287 | D:6      | Found a sacrificial altar of Ru.
  6300 | D:6      | Became a worshipper of Ru the Awakened
  6656 | D:6      | Found a glowing drain.
  6660 | Sewer    | Entered a sewer
  6815 | D:6      | Found a staircase to the Ecumenical Temple.
  6883 | Temple   | Entered the Ecumenical Temple
  7160 | D:6      | Slain by an orc warrior

Vault maps used:
D:1:      roderic_dead_forest
D:3:      minmay_goblin_kobold_castle
D:4:      hangedman_decor_growths
D:5:      first_bread, uniq_pikel, uniq_grinder
D:6:      trog_eyes_of_draining, grunt_temple_overflow_cloverleaf,
          minmay_overflow_temple_star_quad, minmay_temple_entry_large_hall,
          gup_sewer_entry_bowl
Temple:   dpeg_chambers_temple
Sewer:    sewer_the_crocodile

Skill      XL: |  1  2  3  4  5  6  7  8  9 |
---------------+----------------------------+-----
Armour         | 4 5 6 7 9 |  9.0
Long Blades    | 3 4 5 6 8 |  8.2
Fighting       | 4 5 6 7 9 |  9.0
Dodging        | 1 2 3 4 |  4.5
Shields        | 4 5 |  5.9

Action                   |  1- 3 |  4- 6 |  7- 9 || total
-------------------------+-------+-------+-------++-------
Melee: Long sword        |   126 |   318 |   460 ||   904
       Kick              |       |       |    77 ||    77
 Abil: Hop               |     1 |       |       ||     1
  Use: Potion            |     2 |     4 |     8 ||    14
       Scroll            |       |     3 |     7 ||    10
 Stab: Invisible         |       |     3 |     1 ||     4
       Sleeping          |       |       |     1 ||     1
  Eat: Chunk             |     1 |     7 |     2 ||    10
       Bread ration      |       |     1 |     2 ||     3
       Royal jelly       |       |       |     2 ||     2
Armor: Scale mail        |    54 |    77 |       ||   131
       Leather armour    |       |    50 |    91 ||   141
Dodge: Dodged            |    64 |   126 |   208 ||   398
Block: Shield            |    81 |   281 |   349 ||   711
       Reflection        |       |    18 |    14 ||    32
       Rpst.: Long sword |    19 |    33 |    78 ||   130
